 Seeded DCSS version 0.30.1-9-gdf580d7c3d (webtiles) character file.

Game seed: 9106806156630997546 (custom seed)

10871 Psyclone the Thaumaturge (level 11, -12/69 HPs)
             Began as a Deep Elf Conjurer on Sept 25, 2023.
             Was an Initiate of Ashenzari.
             Mangled by a centaur warrior
             ... wielding the +7 captain's cutlass {speed, disarm}
              (19 damage)
             ... on level 10 of the Dungeon on Sept 26, 2023.
             The game lasted 01:02:08 (14813 turns).

Psyclone the Thaumaturge (Deep Elf Conjurer)       Turns: 14813, Time: 01:02:08

Health: -12/69     AC: 15    Str:  4    XL:     11   Next: 41%
Magic:  18/27      EV: 21    Int: 30    God:    Ashenzari [......]
Gold:   382        SH:  5    Dex: 17    Spells: 15/30 levels left

rFire   + + .        z - +9 mace of World Downfall {flame, Will+ SInv}
rCold   . . .        (no shield)
rNeg    . . .        a - +3 steam dragon scales
rPois   +            (no helmet)
rElec   .            H - +1 cloak
rCorr   +            t - +1 pair of gloves
SInv    +            G - +2 pair of boots
Will    ++...        L - amulet of Luotuh {Reflect Int+2 Dex+4 SH+5 SInv Stlth-}
Stlth   +            y - ring of Xobb {rPois rF++ rCorr}
HPRegen 0.31/turn    s - +5 ring of evasion
MPRegen 0.20/turn

%: reflection
@: very slightly contaminated, studying Throwing
A: no striking features
a: Renounce Religion, Curse Item


You were on level 10 of the Dungeon.
You worshipped Ashenzari.
Ashenzari was noncommittal.
You visited 2 branches of the dungeon, and saw 11 of its levels.
You also visited: Sewer.

You collected 1393 gold pieces.
You spent 1011 gold pieces at shops.

Inventory:

Hand Weapons
 z - the +9 mace of World Downfall (weapon) {flame, Will+ SInv}
   (You found it on level 4 of the Dungeon)

   SInv:      It lets you see invisible.
   Will:      It increases your willpower.
Missiles
 l - 2 throwing nets {!f}
Armour
 a - +3 steam dragon scales (worn)
 t - a +1 pair of gloves (worn)
 G - a +2 pair of boots (worn)
 H - a +1 cloak (worn)
Jewellery
 r - a ring of flight
 s - a +5 ring of evasion (right hand)
 y - the ring of Xobb (left hand) {rPois rF++ rCorr}
   (You bought it in a shop on level 1 of the Dungeon)

   [ring of resist corrosion]

   rF:        It greatly protects you from fire.
   rPois:     It protects you from poison.
   rCorr:     It protects you from acid and corrosion.
 L - the amulet of Luotuh (around neck) {Reflect Int+2 Dex+4 SH+5 SInv Stlth-}
   (You bought it in a shop on level 1 of the Dungeon)

   [amulet of reflection]

   It reflects blocked missile attacks.
   Int:       It affects your intelligence (+2).
   Dex:       It affects your dexterity (+4).
   SInv:      It lets you see invisible.
   SH:        It affects your SH (+5).
   Stlth:     It makes you less stealthy.
Wands
 h - a wand of paralysis (11)
Scrolls
 d - 2 scrolls of blinking {unknown}
 j - a scroll of silence {unknown}
 k - 2 scrolls of magic mapping
 m - 5 scrolls of poison {unknown}
 q - a scroll of noise {unknown}
 u - a scroll of vulnerability {unknown}
 v - 4 scrolls of identify {@r1}
 w - a scroll of fog {unknown}
 x - a scroll of brand weapon {unknown}
 D - 3 scrolls of enchant weapon {unknown}
 F - 3 scrolls of immolation {unknown}
Potions
 b - 3 potions of magic
 e - 5 potions of curing
 f - a potion of berserk rage {unknown}
 g - 5 potions of brilliance {unknown}
 i - a potion of lignification {unknown}
 n - 3 potions of attraction {unknown}
 o - 2 potions of might {unknown}
 p - a potion of haste {unknown}
 A - a potion of degeneration {unknown}
 B - a potion of experience {unknown}
 C - 2 potions of flight {unknown}
 E - a potion of invisibility {unknown}
 I - 2 potions of heal wounds
 J - 2 potions of mutation {unknown}


   Skills:
 + Level 8.3 Fighting
 - Level 8.0 Dodging
 - Level 2.4 Stealth
 - Level 10.0 Spellcasting
 - Level 10.0 Conjurations
 - Level 6.0 Hexes
 - Level 8.0 Fire Magic


You had 15 spell levels left.
You knew the following spells:

 Your Spells              Type           Power      Damage    Failure   Level
a - Magic Dart            Conj           100%       1d8       1%          1
b - Searing Ray           Conj           100%       2d8       1%          2
c - Dazzling Flash        Conj/Hex       100%       N/A       1%          3
d - Fulminant Prism       Conj/Hex       29%        3d14      1%          4
e - Fireball              Conj/Fire      31%        3d13      2%          5

Your spell library contained the following spells:

 Spells                   Type           Power      Damage    Failure   Level
 Foxfire                  Conj/Fire      100%       2x1d9     1%          1
 Scorch                   Fire           100%       2d9       1%          2
 Flame Wave               Conj/Fire      62%        2d14      1%          4
 Apportation              Tloc           30%        N/A       3%          1
 Iskenderun's Mystic Bla  Conj/Tloc      45%        2d10      4%          4
 Leda's Liquefaction      Hex/Erth       16%        N/A       10%         4
 Starburst                Conj/Fire      31%        6d9       13%         6
 Alistair's Intoxication  Tmut/Pois      10%        N/A       67%         5
 Lee's Rapid Deconstruct  Erth           7%         3d7*      67%         5
 Plasma Beam              Fire/Air       19%        2x1d34    71%         6
 Statue Form              Tmut/Erth      10%        N/A       99%         6
 Summon Cactus Giant      Summ           7%         N/A       99%         6


Dungeon Overview and Level Annotations

Branches:
Dungeon (10/15) Zot: 25129  Temple (1/1) D:5 Zot: 5798    Lair (0/5) D:9
  Sewer (visited)
    Orc: D:9-12

Altars:
Ashenzari
Cheibriados
Dithmenos
Elyvilon
Fedhas
Gozag
Hepliaklqana
Kikubaaqudgha
Makhleb
Nemelex Xobeh
Okawaru
Qazlal
Ru
Sif Muna
Trog
Uskayaw
Vehumet
Wu Jian
Xom
Yredelemnul
Zin
The Shining One

Shops:
D:1 =   D:4 [

Annotations:
D:10 1 runed translucent door


Message History

You block the polar bear's attack.
You now have 21/27 mp.
The centaur warrior shoots an arrow.
The arrow misses you. The polar bear bites you.
The polar bear closely misses you. The polar bear misses you.
Your fulminant prism crackles loudly.
You take 6 damage, and have 44/69 hp.
You sock the polar bear! You burn the polar bear.
The polar bear is moderately wounded.
The centaur warrior shoots an arrow.
The arrow hits you but does no damage.
The centaur warrior shoots an arrow.
The arrow closely misses you. The polar bear misses you.
The polar bear closely misses you. The polar bear barely misses you.
Your fulminant prism explodes!
The blast of energy engulfs the centaur warrior!!
The centaur warrior is severely wounded.
The centaur warrior shoots an arrow.
The arrow hits you! The polar bear closely misses you.
The polar bear misses you. You block the polar bear's attack.
The centaur warrior shoots an arrow.
The arrow hits you!
* * * LOW HITPOINT WARNING * * *
You take 26 damage, and have 19/69 hp.
MASSIVE DAMAGE!!
The centaur warrior unwields a +0 shortbow.
The centaur warrior wields the +7 captain's cutlass {speed, disarm}.
The centaur warrior hits you with the +7 captain's cutlass {speed, disarm}.
* * * LOW HITPOINT WARNING * * *
The centaur warrior completely misses you.
You take 5 damage, and have 14/69 hp.
Casting: Fulminant Prism (dangerous; 1% risk of failure)
Confirm with . or Enter, or press ? or * to list all spells.
Aiming: Fulminant Prism (dangerous; 1% risk of failure)
Press: ? - help, Dir - move target You miscast Fulminant Prism.
You are very lightly contaminated with residual magic.
Nothing appears to happen.
The centaur warrior hits you with the +7 captain's cutlass {speed, disarm}!
* * * LOW HITPOINT WARNING * * *
The centaur warrior completely misses you.
The centaur warrior hits you with the +7 captain's cutlass {speed, disarm}!!
You die...

.....#.......# #.#.#
...>.........# #.#.#
....##.......# #.#.#
#...##.c.....# #.#.#
#...##.......# #.#.#
#...##.......##### #.#.###
.................# #.#...#
.##.#........###h# #.###.#
.##.#........###@# #.# #.#
###.#.#######..c.# #.# #.#
..#.#.# #(#### #.# #.#
#.#.#.##### #.#######.###.#
#.#.#.....# #.............#
#.........###########.#####
#.....................#
#.........###########.#
#.........# #.#


You could see a centaur warrior and a polar bear.

Vanquished Creatures
  A centaur warrior (D:10)
  2 deep elf pyromancers (D:10)
  A cane toad (shapeshifter) (D:7)
  An efreet (D:10)
  The ghost of turdburglar the Digger, an amateur TrEE of Sif Muna (D:4)
  2 trolls
  Prince Ribbit (D:9)
  Sigmund (D:3)
  12 yaks
  2 shadows
  A wraith (D:10)
  A wyvern (D:8)
  A steam dragon (D:9)
  A water moccasin (D:7)
  An acid dragon (D:10)
  A black bear (D:7)
  3 orc warriors
  3 sky beasts (D:7)
  4 centaurs
  A boggart (D:10)
  An ogre (D:4)
  A phantom (D:5)
  8 kobold brigands
  5 bullfrogs
  2 gnoll sergeants
  4 scorpions
  16 wights
  5 killer bees (D:8)
  2 jellies
  3 howler monkeys
  2 hounds (D:7)
  4 orc priests
  A gnoll bouda (D:5)
  Crazy Yiuf (D:2)
  A sleepcap (D:6)
  Jessica (D:2)
  Natasha (thrice) (D:3)
  3 iguanas
  11 orc wizards
  A mummy (D:5)
  Robin (D:2)
  17 gnolls
  9 adders
  5 river rats
  A white imp (D:5)
  A worm (D:2)
  2 dart slugs
  23 orcs
  10 ball pythons
  5 bats
  5 endoplasms
  4 giant cockroaches
  22 goblins
  2 hobgoblins
  5 jackals
  27 kobolds
  A quokka (D:4)
  5 frilled lizards
  7 rats
  A fulminant prism (D:10)
269 creatures vanquished.

Vanquished Creatures (others)
  A deep elf pyromancer (D:10)
  86 fulminant prisms
87 creatures vanquished.

Grand Total: 356 creatures vanquished

Notes
Turn   | Place    | Note
-------+----------+-------------------------------------------
     0 | D:1      | Psyclone the Deep Elf Conjurer began the quest for the Orb.
     0 | D:1      | Reached XP level 1. HP: 10/10 MP: 6/6
   299 | D:1      | Found Cetaas's Jewellery Emporium.
   304 | D:1      | Reached XP level 2. HP: 15/15 MP: 5/8
   680 | D:1      | Learned a level 2 spell: Searing Ray
   707 | D:2      | Noticed Jessica
   709 | D:2      | Killed Jessica
   710 | D:2      | Reached skill level 5 in Conjurations
   710 | D:2      | Reached XP level 3. HP: 13/19 MP: 5/10
  1033 | D:2      | Found a stormy altar of Qazlal.
  1302 | D:2      | Noticed Robin
  1311 | D:2      | Killed Robin
  1312 | D:2      | Reached XP level 4. HP: 24/24 MP: 7/12
  1634 | D:2      | Found a runed translucent door.
  1640 | D:2      | Learned a level 4 spell: Fulminant Prism
  1640 | D:2      | Noticed Crazy Yiuf
  1717 | D:3      | Noticed Natasha
  1724 | D:3      | Killed Natasha
  1725 | D:3      | Reached skill level 5 in Spellcasting
  1818 | D:3      | Noticed Sigmund
  1933 | D:3      | Noticed Natasha
  1943 | D:3      | Killed Natasha
  2060 | D:3      | Learned a level 3 spell: Dazzling Flash
  2085 | D:3      | Reached XP level 5. HP: 28/28 MP: 9/14
  2189 | D:3      | Noticed Natasha
  2192 | D:3      | Killed Natasha
  2808 | D:4      | Found a runed translucent door.
  2814 | D:4      | Noticed turdburglar's ghost (amateur TrEE)
  2887 | D:4      | Reached XP level 6. HP: 20/32 MP: 4/17
  3026 | D:4      | Found Haiphupu's Antique Armour Emporium.
  3129 | D:4      | Identified the +9 mace of World Downfall {flame, Will+
                  | SInv}
  3575 | D:5      | Entered Level 5 of the Dungeon
  3685 | D:5      | HP: 1/32 [gnoll sergeant/+5 trident (12)]
  3844 | D:5      | Found a glowing drain.
  3852 | D:5      | Reached XP level 7. HP: 36/36 MP: 14/19
  3872 | Sewer    | Entered a sewer
  4570 | Sewer    | Reached skill level 1 in Fighting
  4994 | D:5      | Noticed a yak
  4994 | D:5      | Noticed a yak
  5500 | D:4      | Killed a yak
  5501 | D:4      | Reached XP level 8. HP: 31/45 MP: 7/22
  5613 | D:4      | Reached skill level 5 in Dodging
  6024 | D:5      | Found a staircase to the Ecumenical Temple.
  6038 | Temple   | Entered the Ecumenical Temple
  6087 | Temple   | Became a worshipper of Ashenzari the Shackled
  6515 | D:5      | Found a snail-covered altar of Cheibriados.
  6785 | D:5      | Reached XP level 9. HP: 32/52 MP: 11/23
  6789 | D:5      | Reached skill level 5 in Fighting
  6988 | D:5      | HP: 1/54 [yak (9)]
  8385 | D:2      | Killed Crazy Yiuf
  8556 | D:3      | Killed Sigmund
  8557 | D:3      | Reached skill level 1 in Hexes
  8623 | D:4      | Killed turdburglar's ghost
  8624 | D:4      | Reached XP level 10. HP: 62/64 MP: 6/24
  9042 | D:7      | Reached skill level 5 in Hexes
  9270 | D:7      | Found a white marble altar of Elyvilon.
 10020 | D:8      | Reached skill level 1 in Fire Magic
 10543 | D:1      | Bought the amulet of Luotuh {Reflect Int+2 Dex+4 SH+5 SInv
                  | Stlth-} for 524 gold pieces
 10687 | D:8      | Noticed a cane toad
 10697 | D:7      | Killed a cane toad
 10833 | D:8      | Reached skill level 5 in Fire Magic
 11371 | D:8      | Found a blossoming altar of Fedhas.
 11493 | D:8      | Found an ancient bone altar of Kikubaaqudgha.
 11500 | D:8      | Found a radiant altar of Vehumet.
 11608 | D:9      | Identified a scroll of acquirement
 11609 | D:9      | Acquired 672 gold pieces
 11765 | D:1      | Bought the ring of Xobb {rPois rF++ rCorr} for 487 gold
                  | pieces
 12208 | D:9      | Noticed Prince Ribbit
 12218 | D:9      | Killed Prince Ribbit
 12587 | D:9      | Found a staircase to the Lair.
 12674 | D:9      | Identified the +2 robe of Liozacus {rPois rN+++ rCorr MP-9}
 12805 | D:9      | Found a sparkling altar of Nemelex Xobeh.
 12849 | D:9      | Reached XP level 11. HP: 68/68 MP: 18/25
 12945 | D:10     | Entered Level 10 of the Dungeon
 13763 | D:10     | Learned a level 5 spell: Fireball
 14116 | D:10     | Found a runed translucent door.
 14116 | D:10     | Noticed a catoblepas
 14239 | D:10     | Noticed a deep elf pyromancer
 14247 | D:10     | Noticed a centaur warrior
 14250 | D:10     | Killed a deep elf pyromancer
 14252 | D:10     | Noticed a deep elf pyromancer
 14436 | D:10     | Killed a deep elf pyromancer
 14437 | D:10     | Reached skill level 10 in Spellcasting
 14572 | D:10     | Noticed a two-headed ogre
 14631 | D:10     | Noticed a centaur warrior
 14631 | D:10     | Noticed a deep elf pyromancer
 14637 | D:10     | Killed a deep elf pyromancer
 14639 | D:10     | Noticed a boulder beetle
 14645 | D:10     | Identified the +10 shortbow "Colidy" {flame, rElec}
 14645 | D:10     | Noticed a centaur warrior
 14659 | D:10     | Killed a centaur warrior
 14660 | D:10     | Reached skill level 10 in Conjurations
 14799 | D:10     | Noticed a centaur warrior
 14813 | D:10     | Mangled by a centaur warrior

Illustrated notes

Levels and vault maps discovered:
D:1:      onia_arrival_mini_spirals, layout_loops_ring, serial_shops, shop
D:2:      layout_rooms, basic_altar, reono_crystal_passage, minmay_tetromino_l2,
          uniq_robin, uniq_jessica, uniq_crazy_yiuf_cottage
D:3:      layout_loops_ring, uniq_sigmund, uniq_natasha
D:4:      layout_rooms, ebering_ghost_sewer_d, nicolae_take_the_stairs,
          grunt_ministairs_6, ebering_dispersal_statue_hall,
          minmay_ogre_servants
D:5:      nicolae_cairo_tiling_large, layout_basic, slow_altar_2,
          minmay_temple_entry_junction_2, portal_sewer_entry_b
D:6:      layout_cave_pools
D:7:      layout_basic, elyvilon_altar_3
D:8:      layout_basic, mainiacjoe_overflow_alcove_1,
          amethyst_overflow_temple_binary, serial_curves, eino_curves_04,
          eino_curves_03, eino_curves_02, eino_curves_02,
          chequers_serial_rivers_micro_a, minmay_misc_feat_doors
D:9:      layout_irregular_city, nemelex_altar_shiori, lair_entry_dummy,
          uniq_prince_ribbit1
D:10:     minmay_the_grid_triangle_9x9_recursive_2
          [minmay_the_grid_triangle_9x9_prize_center,
          minmay_the_grid_triangle_9x9_sparse_checkered,
          minmay_the_grid_triangle_9x9_zippers_vertical,
          minmay_the_grid_triangle_9x9_fully_insulated_deathbox], layout_basic,
          columned_hall_lemuel, minmay_evil_grid
Temple:   nicolae_temple_bog_church

Skill      XL: |  1  2  3  4  5  6  7  8  9 10 11 |
---------------+----------------------------------+-----
Spellcasting   | 4 5 6 7 8 10 | 10.0
Conjurations   | 5 6 7 8 10 | 10.0
Dodging        | 4 7 8 |  8.0
Fighting       | 2 4 8 |  8.3
Hexes          | 3 6 |  6.0
Fire Magic     | 8 |  8.0
Stealth        | |  2.4

Action                     |  1- 3 |  4- 6 |  7- 9 | 10-12 || total
---------------------------+-------+-------+-------+-------++-------
  Melee: Dagger            |       |     8 |       |       ||     8
         Mace              |       |       |    29 |    13 ||    42
         Punch             |       |       |     1 |       ||     1
   Cast: Magic Dart        |    38 |    61 |    63 |    70 ||   232
         Searing Ray       |     4 |    18 |    52 |    60 ||   134
         Fulminant Prism   |       |       |    42 |    45 ||    87
         Dazzling Flash    |       |       |     1 |       ||     1
    Use: Scroll            |       |       |     3 |    10 ||    13
         Potion            |       |       |     1 |       ||     1
 Armour: Robe              |       |     5 |    14 |    12 ||    31
         Steam dragon scal |       |       |       |    32 ||    32
  Dodge: Dodged            |     4 |    16 |    60 |   170 ||   250
  Block: Other             |       |       |       |    38 ||    38
         Reflection        |       |       |       |     7 ||     7
